Map: Central Protocol

Players

Solipsis - Winner!

  • Race: Terran Terran
  • League: Silver

IIIIIIIIIIII

  • Race: Zerg Zerg
  • League: Gold

VOD

Have the link to the VOD?

Description

Time

  • Played on: Dec. 4, 2015, 4:38 a.m.
  • Length: 7:51
Show
View Real Time Build Order
Export as new Build Order

Solipsis Terran - Winner!

Build Orders:  

Get SALT Encoding   

  12  0:02  SCV  
  13  0:14  SCV  
  13  0:18  Supply Depot  
  15  0:28  SCV  
  15  0:40  SCV  
  15  0:42  Barracks  
  16  0:52  SCV  
  17  1:01  Supply Depot  
  17  1:04  SCV  
  17  1:08  Refinery  
  18  1:16  SCV  
  19  1:24  Barracks  
  19  1:29  SCV  
  20  1:40  Supply Depot  
  20  1:41  SCV  
  20  1:44  Marine  
  22  1:55  SCV  
  23  2:01  Supply Depot  
  23  2:07  Barracks  
  23  2:08  Barracks Reactor  
  23  2:18  Supply Depot  
  23  2:23  Marine  
  24  2:33  Orbital Command  
  24  2:41  Marine  
  25  2:45  Marine x2  
  26  2:57  Barracks Reactor  
  26  2:59  Barracks Reactor  
  26  3:09  Supply Depot  
  26  3:13  Marine x2  
  28  3:20  SCV  
  29  3:31  Marine x2  
  29  3:34  Marine x2  
  31  3:35  Marine  
  31  3:36  Marine  
  35  3:46  Barracks  
  35  3:47  Barracks  
  35  3:49  Marine x2  
  35  3:52  Marine x2  
  35  3:53  Marine  
  40  4:05  Marine  
  40  4:07  Marine x2  
  40  4:09  Marine  
  43  4:13  Engineering Bay  
  43  4:15  Marine x2  
  46  4:31  Marine x4  
  41  4:32  Marine  
  43  4:38  Marine  
  39  4:49  Marine  
  40  4:53  Barracks Reactor x2  
  40  4:59  Terran Infantry Weapons Level 1  
  40  5:09  Marine  
  40  5:10  Marine x4  
  40  5:11  Marine  
  46  5:29  Refinery  
  46  5:33  Command Center  
  46  5:38  Marine x2  
  46  5:39  Marine  
  49  5:57  Marine x3  
  49  5:58  Marine x6  
  57  6:06  SCV  
  56  6:18  SCV, Marine  
  56  6:19  Marine x3  
  58  6:28  Marine x3  
  58  6:29  Marine  
  58  6:30  SCV  
  50  6:43  SCV  
  51  6:56  SCV  
  51  6:57  Barracks  
  52  7:02  Supply Depot  
  52  7:08  SCV  
  53  7:09  Barracks Tech Lab  
  53  7:10  Supply Depot  
  53  7:18  Orbital Command  
  53  7:20  SCV  
  53  7:22  Marine  
  53  7:23  Marine  
  53  7:25  Marine  
  56  7:32  SCV  
Show
View Real Time Build Order
Export as new Build Order

IIIIIIIIIIII Zerg 

Build Orders: Hatch First 

Get SALT Encoding   

  12  0:01  Drone  
  13  0:10  Drone  
  14  0:35  Hatchery  
  13  0:44  Overlord  
  13  0:46  Drone  
  14  0:57  Extractor  
  14  1:01  Drone  
  14  1:02  Drone  
  15  1:08  Drone  
  16  1:20  Spawning Pool  
  16  1:24  Drone  
  16  1:28  Drone  
  17  1:59  Drone  
  17  2:00  Drone x3  
  21  2:07  Queen  
  21  2:08  Queen  
  25  2:15  Metabolic Boost  
  25  2:20  Drone  
  26  2:29  Zergling x4  
  28  2:38  Overlord  
  28  2:39  Overlord  
  28  3:06  Baneling Nest  
  28  3:09  Lair  
  28  3:10  Drone x5  
  32  3:13  Overlord  
  32  3:35  Zergling x6  
  32  3:36  Zergling x10  
  40  3:58  Baneling  
  40  3:59  Baneling x2  
  40  4:17  Roach Warren  
  35  4:47  Centrifical Hooks  
  35  4:48  Drone x2  
  35  4:49  Drone x5  
  35  4:52  Extractor  
  41  4:54  Extractor  
  41  4:56  Drone, Extractor  
  40  5:00  Glial Reconstitution  
  40  5:06  Drone x3  
  43  5:10  Overlord x2  
  43  5:34  Queen  
  45  5:36  Queen  
  45  5:38  Zergling x2  
  45  5:39  Roach x3  
  45  5:40  Roach x2  
  58  5:49  Evolution Chamber  
  57  5:50  Evolution Chamber  
  50  5:58  Roach  
  50  5:59  Roach x5  
  50  6:03  Baneling x2  
  52  6:25  Roach, Zergling x2  
  49  6:26  Zergling x4  
  49  6:27  Zergling x2  
  49  6:39  Zergling x2  
  48  6:40  Hatchery  
  47  6:49  Baneling x2  
  47  6:50  Baneling x3  
  47  7:22  Roach  
  49  7:23  Roach x2  
  49  7:24  Overlord x2  
Tags
 
Add a new tag
Caveats
  • Supply blocks, unpowered buildings, or Contaminate may cause inaccurate times.
  • Supply counts are checked every 10 seconds.